 Dungeon Crawl Stone Soup version 0.31.0-4-g52a2dc7128 (webtiles) character file.

Game seed: 2843610513235386060

14711 Mamutox the Unseen (level 11, 0/50 HPs)
             Began as a Spriggan Alchemist on Jan 20, 2024.
             Was an Initiate of Gozag.
             Succumbed to their own poison gas
             ... in a volcano on Jan 22, 2024.
             The game lasted 01:53:24 (16200 turns).

Mamutox the Unseen (Spriggan Alchemist)            Turns: 16200, Time: 01:53:25

Health: 0/50       AC:  4    Str:  6    XL:     11   Next: 92%
Magic:  33/33      EV: 27    Int: 19    God:    Gozag
Gold:   1710       SH:  5    Dex: 22    Spells: 15/26 levels left

rFire   + . .        Q - +3 dagger
rCold   . . .        l - +0 buckler
rNeg    . . .        V - +1 robe {rF+}
rPois   .            w - +1 hat
rElec   .            (no cloak)
rCorr   .            (gloves unavailable)
SInv    +            (boots unavailable)
Will    +....        (no amulet)
Stlth   +++++        L - ring "Xuyxt" {Wiz Str+2 Slay+2 Stlth-}
HPRegen 0.28/turn    K - ring "Efuruck" {MP+9 Dex+4}
MPRegen 0.23/turn

%: wizardry (x1)
@: brilliant, lethally poisoned (0 -> -9), very quick
A: very small, no large weapons, unfitting armour, see invisible, speed 3
a: Renounce Religion, Potion Petition, Call Merchant, Bribe Branch


You were in a volcano.
You worshipped Gozag.
Gozag was most pleased with you.
You visited 3 branches of the dungeon, and saw 11 of its levels.
You also visited: Volcano.

You collected 1791 gold pieces.
You paid 81 gold pieces to Gozag.

Inventory:

Hand Weapons
 Q - a +3 dagger (weapon)
Missiles
 g - 2 throwing nets
 i - 118 stones
 j - 14 poisoned darts
 p - 10 boomerangs
 H - a curare-tipped dart
Armour
 l - a +0 buckler (worn)
 w - a +1 hat (worn)
 V - a +1 robe of fire resistance (worn)
Magical Staves
 A - a staff of conjuration
 T - a staff of alchemy
Jewellery
 z - a ring of positive energy
 J - the amulet "Vucleb" {-Tele rPois Regen+ SInv}
   (You found it on level 7 of the Dungeon)

   [amulet of regeneration]

   rPois:     It protects you from poison SInv: It lets you see invisible.
   -Tele:     It prevents most forms of teleportation.
   Regen+:    It increases your rate of health regeneration.
 K - the ring "Efuruck" (right hand) {MP+9 Dex+4}
   (You found it on level 7 of the Dungeon)

   [ring of magical power]

   Dex+4:     It affects your dexterity (+4).
   MP+9:      It affects your magic capacity (+9).
 L - the ring "Xuyxt" (left hand) {Wiz Str+2 Slay+2 Stlth-}
   (You found it on level 7 of the Dungeon)

   [ring of wizardry]

   Wiz:       It improves your spell success rate.
   Str+2:     It affects your strength (+2).
   Slay+2:    It affects your accuracy & damage with ranged weapons and melee
   (+2).
   Stlth-:    It makes you less stealthy.
 M - the ring "Yhecatri" {rF+ rC+ SInv}
   (You took it off a deep elf pyromancer on level 7 of the Dungeon)

   [ring of protection from fire]

   rF+:       It protects you from fire.
   rC+:       It protects you from cold.
   SInv:      It lets you see invisible.
 R - a +6 ring of dexterity
Talismans
 r - a storm talisman
 y - a flux talisman
Wands
 c - a wand of polymorph (10)
 C - a wand of flame (19)
 G - a wand of mindburst (11)
 I - a wand of iceblast (11)
 P - a wand of charming (8)
Scrolls
 d - a scroll of fog {unknown}
 e - a scroll of poison
 f - a scroll of torment
 h - a scroll of blinking
 k - a scroll of noise {unknown}
 m - a scroll of brand weapon {unknown}
 n - 4 scrolls of teleportation {unknown}
 o - 5 scrolls of identify
 q - 2 scrolls of amnesia
 v - a scroll of enchant armour {unknown}
 x - 2 scrolls of vulnerability {unknown}
 D - 3 scrolls of immolation {unknown}
 E - 2 scrolls of silence {unknown}
 S - a scroll of acquirement {unknown}
Potions
 b - a potion of magic
 s - 2 potions of lignification
 t - a potion of attraction {unknown}
 u - a potion of enlightenment {unknown}
 B - a potion of brilliance
 F - a potion of cancellation {unknown}
 N - a potion of curing {unknown}
 O - a potion of resistance {unknown}
 U - a potion of degeneration {unknown}


   Skills:
 - Level 2.0 Fighting
 - Level 4.5 Short Blades
 + Level 11.5 Dodging
 + Level 15.1 Stealth
 - Level 8.4 Spellcasting
 - Level 5.5 Conjurations
 - Level 8.1 Hexes
 - Level 7.8 Alchemy


You had 15 spell levels left.
You knew the following spells:

 Your Spells              Type           Power      Damage    Failure   Level
a - Sting                 Conj/Alch      100%       1d9       1%          1
b - Ensorcelled Hibernat  Hex/Ice        70%        N/A       1%          2
c - Magic Dart            Conj           100%       1d8       1%          1
e - Mephitic Cloud        Conj/Alch/Air  37%        N/A       3%          3
f - Fulminant Prism       Conj/Alch      25%        3d14      4%          4

Your spell library contained the following spells:

 Spells                   Type           Power      Damage    Failure   Level
 Jinxbite                 Hex            100%       N/A       1%          2
 Mercury Vapours          Alch/Air       68%        N/A       1%          2
 Searing Ray              Conj           86%        2d7       1%          2
 Dazzling Flash           Conj/Hex       100%       N/A       1%          3
 Olgreb's Toxic Radiance  Alch           54%        N/A       2%          4
 Summon Small Mammal      Summ           48%        N/A       6%          1
 Yara's Violent Unravell  Hex/Alch       27%        3d12      6%          5
 Ignite Poison            Fire/Alch      34%        N/A       12%         4
 Sticky Flame             Fire/Alch      34%        2d7       12%         4
 Call Canine Familiar     Summ           12%        N/A       19%         3
 Passwall                 Erth           12%        N/A       19%         3
 Swiftness                Air            12%        N/A       19%         3
 Silence                  Hex/Air        17%        N/A       32%         5
 Arcjolt                  Conj/Air       13%        1d23      45%         5
 Summon Blazeheart Golem  Fire/Summ      12%        N/A       50%         4
 Vhi's Electric Charge    Tloc/Air       24%        N/A       50%         4
 Curse of Agony           Necr           12%        N/A       83%         5
 Enfeeble                 Hex            27%        N/A       86%         7
 Ignition                 Fire           6%         3d4       100%        8
 Maxwell's Capacitive Co  Air            6%         ∞         100%        8


Dungeon Overview and Level Annotations

Branches:
Dungeon (9/15)             Temple (1/1) D:5            Lair (1/5) D:9
Volcano (1/1)
    Orc: D:9-12

Altars:
Ashenzari
Cheibriados
Dithmenos
Elyvilon
Fedhas
Gozag
Hepliaklqana
Kikubaaqudgha
Makhleb
Okawaru
Qazlal
Ru
Sif Muna
Trog
Uskayaw
Vehumet
Wu Jian
Xom
Yredelemnul
Zin
The Shining One

Shops:
D:7 [


Innate Abilities, Weirdness & Mutations

You are very small and have problems with some larger weapons.
You are too small for most types of armour.
You have supernaturally acute eyesight. (SInv)
You cover ground extremely quickly. (Speed+++)


Message History

A toenail golem is nearby!
The toenail golem hits you!
A toenail golem is nearby!
You hit the toenail golem but do no damage.
You hit the toenail golem.
The toenail golem is lightly damaged.
The toenail golem misses you.
You hit the toenail golem but do no damage.
The toenail golem is lightly damaged.
The toenail golem completely misses you.
Okay, then.
The air fills with toxic fumes!
As you read the scroll labelled EVAUNT VUAT, it crumbles to dust.
It was a scroll of poison.
The toenail golem barely misses you.
As you read the scroll labelled YKLEAM INWYQ, it crumbles to dust.
Your body is wracked with pain!
* * * LOW HITPOINT WARNING * * *
It was a scroll of torment.
The toenail golem misses you.
Blink to where?
Press: ? - help, Dir - move target, f/p - toenail golem
Aim: a toenail golem (lightly damaged)
You can't blink onto the toenail golem!
Blink to where?
Press: ? - help, Dir - move target, p - toenail golem
As you read the scroll labelled YGOMPAHIANU, it crumbles to dust.
It was a scroll of blinking.
You are engulfed in poison gas.
You are lethally poisoned!
* * * LOW HITPOINT WARNING * * *
x2 You feel very sick.
You block the toenail golem's attack.
* * * LOW HITPOINT WARNING * * *
You feel sick.
It was a potion of brilliance.
You feel clever all of a sudden.
* * * LOW HITPOINT WARNING * * *
You feel very sick.
The toenail golem completely misses you.
The toenail golem hits you but does no damage.
You die...
Your body crumbles into a pile of gold.

###≈≈≈≈§≈≈≈### ##
####≈≈≈≈≈§§§§≈§≈###### ###≈≈
#≈≈§≈≈§§≈≈§§§≈≈≈§##§§###≈°≈§
#≈≈§§§§§≈§§§§≈≈≈≈≈§≈≈≈≈§≈≈°§°
≈§≈≈§§§≈§≈§§≈≈≈≈§≈§≈≈≈≈≈≈≈°≈
§§≈§#######################§
§≈≈§#.....#.9§§...........#≈
≈≈§§#.∩.∩.9.#'#####'#'###.+.
#≈≈≈#..9..#@#§.)#p....o#..#.
#≈≈§§###'################'##.
§§§§§#.....# .p..#...##
§≈§§§#..$..# .9...'.∩.##
§≈§§#..9..# p.p..#.....
§§≈§####### ###########
§§≈§≈≈≈≈≈§≈ #..':"[)
§≈§≈§§≈≈≈≈§§ #..#$$!/
≈≈≈≈≈≈§≈≈≈### #..#$)$!


You could see 2 toenail golems.

Vanquished Creatures
  2 occultists (Volcano)
  A deep elf pyromancer (D:7)
  2 ugly things (D:7)
  A cyclops (D:7)
  A toenail golem (Volcano)
  A queen bee (D:8)
  A troll (D:7)
  Grinder (D:6)
  7 blink frogs (Lair:1)
  A shadow (D:7)
  A slime creature (D:7)
  2 wraiths
  2 wyverns
  12 yaks
  A human (Volcano)
  A basilisk (Lair:1)
  A steam dragon (D:8)
  2 hell hounds (Lair:1)
  4 water moccasins
  2 orc warriors (D:8)
  2 sky beasts
  6 black bears
  3 ogres
  5 wolves (Lair:1)
  4 centaurs
  A phantom (D:5)
  A kobold brigand (D:7)
  9 bullfrogs
  2 gnoll sergeants
  5 scorpions
  10 wights
  28 killer bees
  2 howler monkeys (D:7)
  A jelly (D:6)
  5 hounds
  4 orc priests
  A sleepcap (D:5)
  2 gnoll boudas
  Jessica (D:3)
  Terence (D:3)
  7 iguanas
  6 orc wizards
  21 gnolls
  8 adders
  A shadow imp (D:5)
  A white imp (D:5)
  2 ufetubi (D:6)
  5 dart slugs
  A ribbon worm (D:2)
  20 orcs
  7 endoplasms
  4 giant cockroaches
  7 goblins
  4 hobgoblins
  4 jackals
  4 quokkas
  9 ball pythons
  6 bats
  4 frilled lizards
  5 kobolds
  2 rats (D:2)
267 creatures vanquished.

Vanquished Creatures (collateral kills)
  2 killer bees (D:9)
2 creatures vanquished.

Vanquished Creatures (others)
  A fulminant prism (D:7)
1 creature vanquished.

Grand Total: 270 creatures vanquished

Notes
Turn   | Place    | Note
-------+----------+-------------------------------------------
     0 | D:1      | Mamutox the Spriggan Alchemist began the quest for the Orb.
     0 | D:1      | Reached XP level 1. HP: 9/9 MP: 5/5
   110 | D:1      | Reached skill level 1 in Short Blades
   185 | D:1      | Reached XP level 2. HP: 14/14 MP: 6/6
   220 | D:1      | Reached skill level 1 in Fighting
   739 | D:2      | Reached XP level 3. HP: 18/18 MP: 8/8
   926 | D:2      | Found a faded altar of an unknown god.
  1658 | D:3      | Found an ornate altar of the Wu Jian Council.
  1658 | D:3      | Found a sacrificial altar of Ru.
  1661 | D:3      | Found a shimmering blue altar of Sif Muna.
  1782 | D:3      | Noticed Jessica
  1792 | D:3      | Killed Jessica
  1793 | D:3      | Reached XP level 4. HP: 22/22 MP: 10/10
  1816 | D:3      | Reached skill level 4 in Stealth
  1901 | D:3      | Found a glowing silver altar of Zin.
  1901 | D:3      | Noticed Terence
  2389 | D:3      | Killed Terence
  2450 | D:3      | Reached XP level 5. HP: 25/25 MP: 1/11
  2756 | D:4      | Upgraded the game from 0.31.0-2-g5a2aebc5c2 to
                  | 0.31.0-4-g52a2dc7128
  2881 | D:4      | Noticed a water moccasin
  3003 | D:4      | Learned a level 2 spell: Ensorcelled Hibernation
  3119 | D:4      | Reached skill level 1 in Hexes
  3232 | D:4      | Reached XP level 6. HP: 30/30 MP: 12/12
  3429 | D:4      | Killed a water moccasin
  3430 | D:4      | Reached skill level 5 in Stealth
  3659 | D:4      | Reached XP level 7. HP: 8/33 MP: 7/14
  4466 | D:5      | Entered Level 5 of the Dungeon
  4765 | D:5      | Found a glowing golden altar of the Shining One.
  4832 | D:5      | Reached skill level 6 in Stealth
  4872 | D:5      | Reached skill level 7 in Stealth
  5088 | D:5      | Reached skill level 8 in Stealth
  5089 | D:5      | Found a staircase to the Ecumenical Temple.
  5109 | Temple   | Entered the Ecumenical Temple
  5218 | Temple   | Became a worshipper of Gozag Ym Sagoz the Greedy
  5467 | D:5      | Reached skill level 9 in Stealth
  5467 | D:5      | Reached XP level 8. HP: 37/37 MP: 13/16
  5501 | D:4      | Learned a level 1 spell: Magic Dart
  5746 | D:4      | Learned a level 2 spell: Searing Ray
  5939 | D:5      | Reached skill level 1 in Conjurations
  6787 | D:5      | Reached skill level 5 in Conjurations
  6809 | D:5      | Reached XP level 9. HP: 41/41 MP: 0/17
  7514 | D:6      | Reached skill level 5 in Dodging
  7645 | D:6      | Reached skill level 10 in Stealth
  7645 | D:6      | Reached skill level 5 in Hexes
  7958 | D:6      | Reached skill level 5 in Spellcasting
  7977 | D:6      | Noticed Grinder
  8009 | D:6      | Killed Grinder
  8379 | D:7      | Found a hide-covered altar of Uskayaw.
  8553 | D:7      | Learned a level 3 spell: Mephitic Cloud
  9172 | D:7      | Reached skill level 11 in Stealth
  9300 | D:7      | Found Gawain's Dragon-Slaying Spoils.
  9382 | D:7      | Reached skill level 5 in Alchemy
  9478 | D:7      | Identified the ring "Efuruck" {MP+9 Dex+4}
  9478 | D:7      | Noticed a deep elf pyromancer
  9621 | D:7      | Reached XP level 10. HP: 33/46 MP: 14/19
  9814 | D:7      | Identified the ring "Yhecatri" {rF+ rC+ SInv}
 10052 | D:7      | Noticed a cyclops
 10072 | D:7      | Noticed a green ugly thing
 10077 | D:7      | Noticed a brown ugly thing
 10344 | D:7      | Killed a cyclops
 10345 | D:7      | Reached skill level 12 in Stealth
 10477 | D:7      | Identified the amulet "Vucleb" {-Tele rPois Regen+ SInv}
 10487 | D:7      | Identified the ring "Xuyxt" {Wiz Str+2 Slay+2 Stlth-}
 10649 | D:7      | Killed a green ugly thing
 10820 | D:7      | Learned a level 4 spell: Fulminant Prism
 11061 | D:7      | Killed a deep elf pyromancer
 11125 | D:7      | Killed a brown ugly thing
 11627 | D:8      | Found a broken altar of Ashenzari.
 12564 | D:8      | Reached XP level 11. HP: 50/50 MP: 19/24
 12672 | D:8      | Found an iron altar of Okawaru.
 12722 | D:8      | Identified the +5 ring mail of Noughts and Crosses {*Slow
                  | rPois rF+++ Str-4}
 13208 | D:9      | Found a basalt altar of Yredelemnul.
 13541 | D:9      | Found a staircase to the Lair.
 13915 | D:9      | Found a shimmering altar of Xom.
 14145 | D:9      | Found a radiant altar of Vehumet.
 14152 | D:9      | Found a white marble altar of Elyvilon.
 15123 | D:9      | Reached skill level 13 in Stealth
 15400 | Lair:1   | Entered Level 1 of the Lair of Beasts
 15631 | Lair:1   | Identified the +8 war axe "Gyppask" {flame, rPois Dex+3}
 15755 | Lair:1   | Reached skill level 10 in Dodging
 15831 | Lair:1   | Reached skill level 14 in Stealth
 15915 | Lair:1   | Found a dark tunnel.
 15927 | Volcano  | Entered a volcano
 16007 | Volcano  | Noticed a +1 mace of flaming
 16007 | Volcano  | Noticed an occultist
 16083 | Volcano  | Killed an occultist
 16172 | Volcano  | Noticed an orc sorcerer
 16181 | Volcano  | Noticed an occultist
 16184 | Volcano  | Killed an occultist
 16185 | Volcano  | Reached skill level 15 in Stealth
 16199 | Volcano  | HP: 1/50 [poisoned by you (poison gas)]
 16200 | Volcano  | Succumbed to their own poison gas

Illustrated notes

Levels and vault maps discovered:
D:1:      dpeg_arrival_houses_and_road, layout_basic
D:2:      layout_rooms, ebering_ecumenical_altar_sacrificial,
          minmay_pentomino_z2
D:3:      layout_loops_ring, chequers_temple_overflow_statue_of_worship,
          nicolae_overflow_crystal_walls, uniq_jessica, uniq_terence
D:4:      minmay_inner_zag, layout_loops_corners
D:5:      layout_layer_cave, lemuel_doored_altar,
          minmay_temple_entry_antechambers, minmay_diced_spiral
D:6:      layout_basic, minmay_fountain_box, uniq_grinder
D:7:      minmay_the_grid_triangle_9x9_recursive_2
          [minmay_the_grid_triangle_9x9_prize_special,
          minmay_the_grid_triangle_9x9_sprig,
          minmay_the_grid_triangle_9x9_minimal,
          minmay_the_grid_triangle_9x9_intruding_spiral], layout_cave_pools,
          nicolae_uskayaw_murder_on_the_dancefloor, nicolae_shop_dragon_depot
D:8:      layout_gridville, nicolae_ashenzari_panopticon,
          okawaru_metal_pillars_1_2, nicolae_concentric_dashed_squares_mild
D:9:      layout_cave_pods, mainiacjoe_overflow_alcove_4, amcnicky_altar_gilded,
          jmf_multi_god_temple2, david_lair_generic, special_room
          [special_room_bee], minmay_misc_feat_tower
Temple:   jpeg_temple_island
Lair:1:   layout_concentric_octagons, enter_volcano_3, grunt_megastairs_1
Volcano:  volcano_bunker

Skill      XL: |  1  2  3  4  5  6  7  8  9 10 11 |
---------------+----------------------------------+-----
Short Blades   | 1 2 3 4 |  4.5
Fighting       | 1 2 |  2.0
Spellcasting   | 3 4 5 8 |  8.4
Dodging        | 3 4 7 8 11 | 11.5
Stealth        | 4 5 9 11 12 15 | 15.1
Alchemy        | 4 5 7 |  7.8
Hexes          | 3 5 7 8 |  8.1
Conjurations   | 5 |  5.5

Action                     |  1- 3 |  4- 6 |  7- 9 | 10-12 || total
---------------------------+-------+-------+-------+-------++-------
  Melee: Dagger            |    32 |    23 |    91 |   113 ||   259
   Cast: Sting             |    44 |    46 |   126 |   157 ||   373
         Ensorcelled Hiber |       |     5 |    38 |    82 ||   125
         Magic Dart        |       |       |    27 |   178 ||   205
         Searing Ray       |       |       |    17 |     5 ||    22
         Mephitic Cloud    |       |       |     1 |     8 ||     9
         Fulminant Prism   |       |       |       |     1 ||     1
    Use: Scroll            |       |       |       |     5 ||     5
         Potion            |       |       |       |     1 ||     1
   Stab: Sleeping          |    15 |     9 |    43 |    45 ||   112
         Distracted        |       |       |     4 |     5 ||     9
         Confused          |       |       |       |     2 ||     2
 Armour: Robe              |     9 |     8 |    36 |    55 ||   108
  Dodge: Dodged            |    25 |    16 |    74 |   170 ||   285
  Block: Buckler           |     2 |     5 |    22 |    43 ||    72
